 Dungeon Crawl Stone Soup version 0.29-a0-11-ga75d3d97ab (webtiles) character file.

Game seed: 8987746374120660835

11767 Ajdolov the Severer (level 11, -8/102 HPs)
             Began as a Hill Orc Fighter on Jan 28, 2022.
             Was a Follower of Uskayaw.
             Mangled by a death knight (25 damage)
             ... on level 10 of the Dungeon.
             The game lasted 00:34:52 (15272 turns).

Ajdolov the Severer (Hill Orc Fighter)             Turns: 15272, Time: 00:34:53

Health: -8/102     AC: 15    Str: 30    XL:     11   Next: 82%
Magic:  19/19      EV:  7    Int:  8    God:    Uskayaw [*.....]
Gold:   538        SH:  4    Dex: 10    Spells: 10/10 levels left

rFire   . . .      SeeInvis .   a - +0 war axe
rCold   . . .      Faith    .   c - +0 buckler
rNeg    . . .      Spirit   .   b - +0 plate armour
rPois   .          Reflect  .   (no helmet)
rElec   .          Harm     .   (no cloak)
rCorr   .          Rampage  .   p - +0 pair of gloves
Will    +....                   M - +1 pair of boots
Stlth   ..........              (no amulet)
HPRegen 0.27/turn               L - +6 ring of strength
MPRegen 0.16/turn               v - ring of willpower

@: invisible
A: no striking features
a: Renounce Religion, Stomp


You were on level 10 of the Dungeon.
You worshipped Uskayaw.
Uskayaw was aware of your devotion.
You visited 1 branch of the dungeon, and saw 11 of its levels.

You collected 699 gold pieces.
You spent 161 gold pieces at shops.

Inventory:

Hand Weapons
 a - a +0 war axe (weapon)
Missiles
 f - 2 silver javelins
 q - 19 poisoned darts (quivered)
Armour
 b - a +0 plate armour (worn)
 c - a +0 buckler (worn)
 p - a +0 pair of gloves (worn)
 z - a +0 pair of boots
 B - a +0 kite shield
 M - a +1 pair of boots (worn)
Jewellery
 o - a ring of protection from fire
 v - a ring of willpower (right hand)
 L - a +6 ring of strength (left hand)
Wands
 j - a wand of polymorph (12)
 y - a wand of flame (3)
Scrolls
 h - a scroll of holy word {unknown}
 i - 3 scrolls of fog {unknown}
 k - 2 scrolls of fear
 l - 3 scrolls of magic mapping {unknown}
 n - a scroll of noise {unknown}
 r - 3 scrolls of teleportation {unknown}
 s - 2 scrolls of enchant weapon {unknown}
 w - 2 scrolls of vulnerability {unknown}
 A - a scroll of immolation {unknown}
 D - a scroll of amnesia {unknown}
 G - a scroll of summoning {unknown}
 H - 2 scrolls of enchant armour {unknown}
 J - 2 scrolls of identify
Potions
 d - a potion of might
 e - 2 potions of flight
 g - 2 potions of cancellation
 m - 2 potions of lignification
 t - 3 potions of curing
 E - 2 potions of mutation
 F - 2 potions of magic
 K - a potion of brilliance {unknown}


   Skills:
 - Level 11.5 Fighting
 - Level 16.0(16.2) Axes
 - Level 4.0(9.7) Maces & Flails
 + Level 4.2 Armour
 + Level 4.2 Shields
 * Level 11.4 Invocations


You had 10 spell levels left.
You didn't know any spells.
Your spell library contained the following spells:

 Spells                   Type           Power      Damage    Failure   Level
 Magic Dart               Conj           0%         1d3       99%         1
 Call Imp                 Summ           0%         N/A       100%        2
 Gell's Gravitas          Tloc           0%         N/A       100%        3
 Lesser Beckoning         Tloc           0%         N/A       100%        3
 Mephitic Cloud           Conj/Pois/Air  0%         N/A       100%        3
 Teleport Other           Tloc           0%         N/A       100%        3


Dungeon Overview and Level Annotations

Branches:
Dungeon (11/15)            Temple (0/1) D:5            Lair (0/6) D:11
    Orc: D:9-12

Altars:
Ashenzari
Dithmenos
Kikubaaqudgha
Okawaru
Qazlal
Sif Muna
Uskayaw
The Shining One

Shops:
D:9 :   D:11 [

Annotations:
D:10 1 runed translucent door, exclusion: downstairs


Message History

You see here 6 large rocks.
There is a stone staircase leading up, spattered with blood here.
The death knight offers itself to Yredelemnul, and fills with unholy energy.
The death knight barely misses you.
The freezing wraith barely misses you. x2
You climb upwards.
Level annotation: 1 runed translucent door, exclusion: downstairs
There is a stone staircase leading down here.
The freezing wraith hits you! The freezing wraith freezes you!
The freezing wraith hits you but does no damage.
The death knight's dark mirror aura disappears.
You closely miss the death knight. The death knight barely misses you.
You slash the death knight!
The death knight is lightly wounded.
You hit the death knight but do no damage.
The death knight is lightly wounded.
The death knight hits you with a +2 great sword!!
Okay, then.
Okay, then.
Press: ? - help, v - describe, . - travel
Here: a death knight, wielding a +2 great sword and wearing a +0 chain mail (lightly wounded)
The floor, spattered with blood.
You fade into invisibility!
The death knight barely misses you.
You slash the death knight!
The death knight is lightly wounded.
The death knight hits you with a +2 great sword.
You catch the helpless death knight completely off-guard!
You hit the death knight.
The death knight is moderately wounded.
The death knight hits you with a +2 great sword!
You closely miss the death knight.
The death knight is moderately wounded.
You slice the death knight!!
The death knight is heavily wounded.
The death knight hits you with a +2 great sword!!
* * * LOW HITPOINT WARNING * * *
You can now pass through a line of other dancers.
You can no longer pass through a line of other dancers.
The death knight hits you with a +2 great sword!!
You die...

....##......#.######..##########.
...u........'.....>...#..#..#..#.
....##......####.####.#..z.C+).#.
....##....####........##'####'##.
..........# #........# #..#.
....###...####........# #..#.
....###...#...........# #'##.
......................# #..#.
....###...#....[@)....# #..#.
...########....#p####.########'#.
.........##.........#............
...#####.###.##.W...####......##.
...#.....# #..#.....####.........
...#.##### ##.#.....'.........###
...#.# #.......####......# ...#.#
##......# #......# ##.#.#
#.#.#.## #......#


You could see a death knight and a freezing wraith.

Vanquished Creatures
  2 two-headed ogres
  A wizard (D:10)
  A cyclops (D:11)
  2 ugly things (D:9)
  A komodo dragon (shapeshifter) (D:8)
  2 komodo dragons (D:11)
  2 trolls
  Prince Ribbit (D:6)
  2 wraiths
  21 yaks
  7 water moccasins
  3 black bears
  A sky beast (D:5)
  3 orc warriors (D:9)
  2 centaurs
  2 ogres
  2 phantoms (D:5)
  A kobold brigand (D:7)
  6 bullfrogs
  8 scorpions
  A water moccasin zombie (D:5)
  8 killer bees
  2 howler monkeys
  2 bullfrog zombies
  4 orc priests
  2 centaur skeletons
  2 gnoll shamans
  2 hounds
  2 bullfrog skeletons
  4 iguanas
  7 orc wizards
  Natasha (thrice) (D:4)
  A hound skeleton (D:5)
  A howler monkey zombie (D:9)
  7 adders
  7 gnolls
  A white imp (D:6)
  An ufetubus (D:6)
  An adder skeleton (D:4)
  3 dart slugs
  31 orcs
  7 ball pythons
  2 bats
  4 endoplasms
  2 giant cockroaches
  5 goblins
  6 hobgoblins
  3 quokkas (D:2)
  2 frilled lizards
  11 kobolds
  4 rats
208 creatures vanquished.

Vanquished Creatures (others)
  36 fungi (D:11)
  30 plants (D:11)
66 creatures vanquished.

Grand Total: 274 creatures vanquished

Notes
Turn   | Place    | Note
-------+----------+-------------------------------------------
     0 | D:1      | Ajdolov the Hill Orc Fighter began the quest for the Orb.
     0 | D:1      | Reached XP level 1. HP: 19/19 MP: 1/1
   436 | D:1      | Reached skill level 1 in Maces & Flails
   587 | D:1      | Reached XP level 2. HP: 27/27 MP: 2/2
  1100 | D:2      | Reached XP level 3. HP: 33/33 MP: 3/3
  1104 | D:2      | Found a faded altar of an unknown god.
  2053 | D:3      | Noticed a centaur
  2072 | D:3      | Killed a centaur
  2073 | D:3      | Reached XP level 4. HP: 27/41 MP: 4/4
  2073 | D:3      | Reached XP level 5. HP: 31/47 MP: 5/5
  2356 | D:3      | Reached skill level 3 in Axes
  2521 | D:3      | Reached skill level 5 in Fighting
  2690 | D:4      | Noticed Natasha
  2701 | D:4      | Killed Natasha
  2845 | D:4      | Noticed Natasha
  3078 | D:4      | Reached skill level 4 in Axes
  3078 | D:4      | Reached XP level 6. HP: 56/56 MP: 6/6
  3370 | D:4      | Killed Natasha
  3371 | D:4      | Reached skill level 5 in Axes
  3378 | D:4      | Reached skill level 6 in Axes
  3378 | D:4      | Reached XP level 7. HP: 54/63 MP: 7/7
  3428 | D:4      | Noticed Natasha
  3442 | D:4      | Killed Natasha
  3521 | D:4      | Noticed a +0 dagger
  3522 | D:4      | Noticed a +0 hand axe
  3560 | D:4      | Found a shimmering blue altar of Sif Muna.
  3731 | D:4      | Found a hide-covered altar of Uskayaw.
  3739 | D:4      | Became a worshipper of Uskayaw the Reveller
  3776 | D:4      | Reached * piety under Uskayaw
  3794 | D:5      | Entered Level 5 of the Dungeon
  3850 | D:5      | Found a staircase to the Ecumenical Temple.
  3918 | D:5      | Reached skill level 7 in Axes
  3918 | D:5      | Reached skill level 1 in Invocations
  3920 | D:5      | Reached ** piety under Uskayaw
  4274 | D:5      | Reached *** piety under Uskayaw
  4275 | D:5      | Reached XP level 8. HP: 47/71 MP: 8/10
  4394 | D:5      | Found a shadowy altar of Dithmenos.
  4572 | D:5      | Reached skill level 8 in Axes
  5067 | D:5      | Reached skill level 9 in Axes
  5221 | D:6      | Noticed Prince Ribbit
  5226 | D:6      | Killed Prince Ribbit
  5419 | D:6      | Found a glowing golden altar of the Shining One.
  5581 | D:6      | Found an iron altar of Okawaru.
  5657 | D:6      | Reached skill level 10 in Axes
  5657 | D:6      | Reached skill level 5 in Invocations
  5674 | D:6      | Reached XP level 9. HP: 49/81 MP: 12/12
  6696 | D:7      | Reached skill level 11 in Axes
  6696 | D:7      | Reached **** piety under Uskayaw
  7484 | D:7      | Found a broken altar of Ashenzari.
  7895 | D:8      | Reached skill level 12 in Axes
  7903 | D:8      | Reached XP level 10. HP: 69/91 MP: 15/15
  7907 | D:8      | Reached ***** piety under Uskayaw
  8163 | D:8      | Found an ancient bone altar of Kikubaaqudgha.
  8278 | D:8      | Found a stormy altar of Qazlal.
  8290 | D:8      | Reached skill level 13 in Axes
  9252 | D:8      | Reached skill level 10 in Fighting
  9353 | D:9      | Noticed a two-headed ogre
 10022 | D:9      | Killed a two-headed ogre
 10023 | D:9      | Reached skill level 14 in Axes
 10731 | D:9      | Found Ruytosm's Self-Improvement Boutique.
 10733 | D:9      | Noticed a red ugly thing
 10758 | D:9      | Killed a red ugly thing
 10971 | D:9      | Reached XP level 11. HP: 47/101 MP: 14/18
 11681 | D:10     | Entered Level 10 of the Dungeon
 11803 | D:10     | Reached skill level 15 in Axes
 12174 | D:10     | Reached skill level 10 in Invocations
 12226 | D:10     | Noticed a two-headed ogre
 12236 | D:10     | Killed a two-headed ogre
 12626 | D:10     | Found a runed translucent door.
 12626 | D:10     | Noticed a wizard
 12627 | D:10     | Noticed a frost giant
 12643 | D:10     | Killed a wizard
 12828 | D:10     | Noticed a skeletal warrior
 12856 | D:11     | Noticed a four-headed hydra
 12897 | D:11     | Found a staircase to the Lair.
 12900 | D:11     | Noticed a cyclops
 13026 | D:11     | Reached skill level 16 in Axes
 13402 | D:11     | Found Nemnib's Armour Shoppe.
 13410 | D:11     | Bought a +1 pair of boots for 161 gold pieces
 13425 | D:11     | Noticed a red ugly thing
 13481 | D:10     | HP: 3/102 [red ugly thing (22)]
 14422 | D:9      | Killed a red ugly thing
 14848 | D:11     | Killed a cyclops
 15180 | D:11     | Noticed a death knight
 15272 | D:10     | Mangled by a death knight

Illustrated notes

Levels and vault maps discovered:
D:1:      nicolae_arrival_washed_ashore, layout_basic
D:2:      layout_basic, shapermc_ecumenical_altar_notcrosses
D:3:      layout_basic, kennysheep_big_empty_room, minmay_bisected
D:4:      minmay_evil_eye, layout_basic, mainiacjoe_overflow_brackets,
          dancing_weapons_uskayaw, minivault_4, kennysheep_potato, uniq_natasha
D:5:      layout_basic, nicolae_dithmenos_through_a_glass_darkly,
          minmay_temple_entry_mist, minmay_crossroads
D:6:      layout_basic, mainiacjoe_overflow_catch_the_wave, lightli_orcish_oven,
          uniq_prince_ribbit1
D:7:      layout_cave_pools, general_overflow_altar
D:8:      layout_layer_cave, mainiacjoe_overflow_surrounded_room,
          kennysheep_mini, minmay_three_doors
D:9:      layout_grid_maze, nicolae_shop_self_help
D:10:     layout_basic, minivault_13
D:11:     layout_irregular_city, due_lair_maze_entry_diamond, serial_shops,
          shop, nicolae_qazlal_general_emergency

Skill      XL: |  1  2  3  4  5  6  7  8  9 10 11 |
---------------+----------------------------------+-----
Maces & Flails | 1 2 4 |  4.0
Fighting       | 4 5 6 8 9 10 11 | 11.5
Axes           | 4 6 7 10 12 14 16 | 16.0
Invocations    | 2 5 7 9 11 | 11.4
Armour         | 4 |  4.2
Shields        | 4 |  4.2

Action                   |  1- 3 |  4- 6 |  7- 9 | 10-12 || total
-------------------------+-------+-------+-------+-------++-------
Melee: War axe           |   105 |    78 |   288 |   339 ||   810
Throw: Dart              |       |     5 |    22 |    21 ||    48
       Javelin           |       |       |       |     2 ||     2
Invok: Stomp             |       |       |     1 |     9 ||    10
       Line Pass         |       |       |       |     4 ||     4
Evoke: Wand              |       |     5 |     9 |    34 ||    48
  Use: Scroll            |       |       |       |    12 ||    12
       Potion            |       |       |       |     5 ||     5
 Stab: Paralysed         |       |       |     6 |    22 ||    28
       Confused          |       |       |       |     4 ||     4
       Invisible         |       |       |       |     1 ||     1
Armor: Scale mail        |    31 |       |       |       ||    31
       Chain mail        |    19 |    18 |       |       ||    37
       Plate armour      |       |    44 |   178 |   138 ||   360
Dodge: Dodged            |    56 |    13 |    76 |    82 ||   227
Block: Buckler           |    33 |    15 |    70 |    48 ||   166

Table legend: (Time is in decaauts)
 A = Elapsed time spent in this place.
 B = Non-inter-level travel time spent in this place.
 C = Inter-level travel time spent in this place.
 D = Time resting spent in this place.
 E = Time spent auto-exploring this place.
 F = Levels seen in this place.
 G = Mean time per level.
                   A        B        C        D        E       F      G
               +--------+--------+--------+--------+--------+-----+--------+
         Total |  15260 |  14642 |    618 |   4562 |   7738 |  11 | 1387.3 |
       Dungeon |  15260 |  14642 |    618 |   4562 |   7738 |  11 | 1387.3 |
               +--------+--------+--------+--------+--------+-----+--------+

Top non-repeatable levels by time:
     D:9: 3456 daAuts
    D:10: 1632 daAuts
     D:8: 1485 daAuts
     D:6: 1461 daAuts
     D:5: 1417 daAuts
     D:7: 1185 daAuts
     D:2: 1051 daAuts
     D:4: 990 daAuts
     D:1: 914 daAuts
     D:3: 906 daAuts
    D:11: 757 daAuts
